 Dungeon Crawl Stone Soup version 0.29-a0-298-g3c90f9a769 (webtiles) character file.

Game seed: 856868343443212758

233 kae the Firebug (level 6, -16/36 HPs)
             Began as a Tengu Fire Elementalist on Mar 22, 2022.
             Demolished by an ogre
             ... wielding a +0 giant spiked club
              (34 damage)
             ... on level 4 of the Dungeon.
             The game lasted 00:02:35 (5306 turns).

kae the Firebug (Tengu Fire Elementalist)           Turns: 5306, Time: 00:02:35

Health: -16/36     AC:  3    Str:  8    XL:     6   Next: 4%
Magic:  6/11       EV: 14    Int: 17    God:
Gold:   134        SH:  0    Dex: 15    Spells: 5/11 levels left

rFire   . . .      SeeInvis .   i - +0 morningstar
rCold   . . .      Faith    .   (no shield)
rNeg    . . .      Spirit   .   a - +1 robe
rPois   .          Reflect  .   (helmet restricted)
rElec   .          Harm     .   (no cloak)
rCorr   .          Rampage  .   (no gloves)
Will    .....                   (boots unavailable)
Stlth   ++........              (no amulet)
HPRegen 0.12/turn               (no ring)
MPRegen 0.12/turn               (no ring)

@: flying quickly and evasively, quick
A: beak, talons 3, nimble flight
a: no special abilities


You were on level 4 of the Dungeon.
You visited 1 branch of the dungeon, and saw 4 of its levels.

You collected 134 gold pieces.

Inventory:

Hand Weapons
 i - a +0 morningstar (weapon)
Armour
 a - a +1 robe (worn)
Jewellery
 c - an amulet of faith
 g - a ring of see invisible
 l - a ring of poison resistance
Scrolls
 e - 3 scrolls of identify
 j - a scroll of teleportation
Potions
 b - a potion of mutation
 d - 2 potions of invisibility
 f - 5 potions of curing
 h - a potion of degeneration {unknown}
 m - 2 potions of flight
 n - 2 potions of lignification


   Skills:
 + Level 2.3 Fighting
 - Level 2.1 Dodging
 - Level 2.0 Stealth
 + Level 3.0 Spellcasting
 + Level 3.4 Conjurations
 * Level 5.2 Fire Magic


You had 5 spell levels left.
You knew the following spells:

 Your Spells              Type           Power      Damage    Failure   Level
a - Foxfire               Conj/Fire      68%        2x1d7     3%          1
b - Scorch                Fire           40%        2d7       3%          2
c - Conjure Flame         Conj/Fire      17%        6-21      9%          3

Your spell library contained the following spells:

 Spells                   Type           Power      Damage    Failure   Level
 Magic Dart               Conj           56%        1d5       4%          1
 Searing Ray              Conj           28%        2d5       6%          2
 Inner Flame              Hex/Fire       11%        N/A       19%         3
 Ignite Poison            Fire/Tmut/Pois 8%         N/A       26%         3
 Flame Wave               Conj/Fire      17%        2d6       30%         4
 Sticky Flame             Conj/Fire      17%        2d4       30%         4
 Summon Guardian Golem    Hex/Summ       2%         N/A       45%         3
 Fulminant Prism          Conj/Hex       4%         3d6       65%         4
 Summon Lightning Spire   Summ/Air       2%         N/A       86%         4
 Orb of Destruction       Conj           7%         9d6       100%        7
 Spellforged Servitor     Conj/Summ      4%         N/A       100%        7
 Storm Form               Tmut/Air       1%         N/A       100%        7
 Maxwell's Capacitive Co  Air            1%         ∞         100%        8


Dungeon Overview and Level Annotations

Branches:
Dungeon (4/15)
 Temple: D:4-7

Altars:
Okawaru


Innate Abilities, Weirdness & Mutations

You have a beak for a mouth.
You have claws for feet.
Your magical nature lets you fly swiftly and evasively.


Message History

Confirm with . or Enter, or press ? or * to list all spells.
You conjure some foxfire!
The foxfire hits the goblin.
The goblin is severely wounded.
The foxfire hits the goblin!
You kill the goblin!
Casting: Foxfire (safe; 3% risk of failure)
Confirm with . or Enter, or press ? or * to list all spells.
You can't see any susceptible monsters within range! (Use Z to cast anyway.)
Found an escape hatch in the ceiling.
h - a glowing emerald potion An ogre comes into view.
It is wielding a +0 giant spiked club.
Found 6 gold pieces.
An ogre is nearby!
An ogre is nearby!
An ogre is nearby!
The ogre shouts!
You hear a shout!
You see here a scroll of identify.
Casting: Foxfire (safe; 3% risk of failure)
Confirm with . or Enter, or press ? or * to list all spells.
You conjure some foxfire!
The foxfire hits the ogre.
The ogre is lightly wounded.
The foxfire hits the ogre.
The ogre is moderately wounded.
Casting: Foxfire (safe; 3% risk of failure)
Confirm with . or Enter, or press ? or * to list all spells.
Flames lash the ogre.
The ogre is heavily wounded.
The ogre's fire resistance burns away.
You hear a shout!
Casting: Scorch (safe; 3% risk of failure)
Confirm with . or Enter, or press ? or * to list all spells.
Flames lash the ogre.
The ogre is burned terribly!
The ogre is almost dead.
The ogre hits you with a +0 giant spiked club!!
Ouch! That really hurt!
The ogre hits you with a +0 giant spiked club!!
Ouch! That really hurt!
You die...

.... ### ... .#.#... ##
..... ..#. .
##...##.... .....
#..........
.....##..O.......
........@.# ...
#..#......#.....
.####.#..##........#
.....#.....#..##...#.#
...............#...#
#................#.$..#
..............##......#
..............# #.##.##
.............## .# ##


You could see an ogre (combustible).

Vanquished Creatures
  A necrophage (D:4)
  An orc wizard (D:3)
  2 adders (D:3)
  3 gnolls (D:3)
  2 worms
  A dart slug (D:4)
  10 orcs (D:3)
  5 ball pythons
  7 bats
  5 endoplasms
  A giant cockroach (D:1)
  3 goblins
  10 hobgoblins
  15 jackals
  4 quokkas
  A frilled lizard (D:1)
  5 kobolds
  8 rats
84 creatures vanquished.

Vanquished Creatures (others)
  266 foxfires
266 creatures vanquished.

Grand Total: 350 creatures vanquished

Notes
Turn   | Place    | Note
-------+----------+-------------------------------------------
     0 | D:1      | kae the Tengu Fire Elementalist began the quest for the
                  | Orb.
     0 | D:1      | Reached XP level 1. HP: 10/10 MP: 4/4
   483 | D:1      | Reached XP level 2. HP: 11/16 MP: 0/6
  1233 | D:1      | Found a faded altar of an unknown god.
  1636 | D:1      | Reached XP level 3. HP: 5/20 MP: 2/7
  2205 | D:2      | Reached skill level 1 in Fighting
  2389 | D:2      | Reached skill level 4 in Fire Magic
  3197 | D:2      | Learned a level 2 spell: Scorch
  3201 | D:2      | Learned a level 3 spell: Conjure Flame
  3209 | D:3      | Reached XP level 4. HP: 25/25 MP: 5/8
  4510 | D:3      | Gained mutation: Your magical nature lets you fly swiftly
                  | and evasively. [Tengu growth]
  4510 | D:3      | Reached XP level 5. HP: 16/30 MP: 3/10
  5031 | D:3      | Found an iron altar of Okawaru.
  5119 | D:4      | Reached skill level 5 in Fire Magic
  5119 | D:4      | Reached XP level 6. HP: 35/35 MP: 3/11
  5306 | D:4      | Demolished by an ogre

Illustrated notes

Levels and vault maps discovered:
D:1:      beargit_arrival_diablo_church, layout_basic,
          hellmonk_ecumenical_altar_inner_sanctum, grunt_decor_mini_mirrors
D:2:      layout_rooms, guppyfry_early_lair_pool
D:3:      layout_basic, okawaru_altar_gauntlet_db, grunt_ministairs_10,
          hangedman_decor_lopped
D:4:      layout_cave_pools

Skill      XL: |  1  2  3  4  5 |
---------------+----------------+-----
Conjurations   | 2 3 |  3.4
Fighting       | 1 2 |  2.3
Fire Magic     | 4 5 |  5.2
Spellcasting   | 3 |  3.0
Dodging        | |  2.1
Stealth        | |  2.0

Action                   |  1- 3 |  4- 6 || total
-------------------------+-------+-------++-------
Melee: Unarmed           |    45 |     7 ||    52
       Peck              |     5 |     6 ||    11
       Kick              |     7 |     2 ||     9
       Morningstar       |       |    20 ||    20
 Cast: Foxfire           |   105 |    59 ||   164
       Scorch            |       |    13 ||    13
       Conjure Flame     |       |     1 ||     1
  Use: Potion            |     1 |     1 ||     2
       Scroll            |    10 |     2 ||    12
Armor: Robe              |    28 |     6 ||    34
       Skin              |       |    14 ||    14
Dodge: Dodged            |    71 |    29 ||   100

Table legend: (Time is in decaauts)
 A = Elapsed time spent in this place.
 B = Non-inter-level travel time spent in this place.
 C = Inter-level travel time spent in this place.
 D = Time resting spent in this place.
 E = Time spent auto-exploring this place.
 F = Levels seen in this place.
 G = Mean time per level.
                   A        B        C        D        E       F      G
               +--------+--------+--------+--------+--------+-----+--------+
         Total |   5280 |   5236 |     44 |    534 |   4065 |   4 | 1320.0 |
       Dungeon |   5280 |   5236 |     44 |    534 |   4065 |   4 | 1320.0 |
               +--------+--------+--------+--------+--------+-----+--------+

Top non-repeatable levels by time:
     D:1: 2202 daAuts
     D:3: 1875 daAuts
     D:2: 1002 daAuts
     D:4: 199 daAuts
